Map: Kairos Junction LE

Players

McŽid - Winner!

  • Race: Protoss Protoss
  • League: Platinum
  • Spawn Location: 5:00

Yocto

  • Race: Zerg Zerg
  • League: Platinum
  • Spawn Location: 11:00

VOD

Have the link to the VOD?

Description

Time

  • Played on: Dec. 23, 2018, 3:29 a.m.
  • Length: 12:30
Show
View Real Time Build Order
Export as new Build Order

McŽid Protoss - Winner!

Build Orders:  

Get SALT Encoding   

  12  0:01  Probe  
  13  0:13  Probe  
  14  0:19  Pylon  
  14  0:25  Probe  
  15  0:35  Probe  
  15  0:37  Gateway  
  16  0:44  Probe  
  16  0:49  Assimilator  
  17  0:53  Probe  
  18  1:05  Probe  
  19  1:19  Probe  
  19  1:25  Cybernetics Core  
  20  1:31  Probe, Pylon  
  21  1:43  Probe  
  22  1:55  Nexus, Probe  
  23  2:07  Probe  
  24  2:15  Gateway  
  24  2:23  Adept  
  24  2:27  Warp Gate  
  24  2:28  Gateway  
  24  2:35  Shield Battery  
  25  2:51  Pylon  
  25  2:53  Pylon  
  25  3:03  Gateway x2  
  25  3:14  Pylon  
  25  3:26  Adept x2  
  29  3:43  Probe x2  
  31  3:53  Shield Battery  
  31  3:55  Probe x2, Shield Battery  
  29  4:04  Adept x2  
  29  4:07  Probe  
  27  4:25  Adept  
  26  4:41  Adept  
  26  4:42  Adept x2  
  32  4:47  Shield Battery  
  32  4:48  Shield Battery  
  32  4:50  Shield Battery  
  24  5:01  Adept x3  
  28  5:13  Adept  
  28  5:24  Adept x2  
  24  5:35  Adept  
  26  5:52  Adept  
  26  5:59  Probe x2  
  28  6:11  Probe  
  28  6:12  Pylon  
  28  6:14  Pylon  
  28  6:15  Pylon  
  28  6:17  Probe, Pylon  
  29  6:19  Probe  
  29  6:25  Adept, Probe  
  33  6:28  Adept  
  36  6:33  Probe  
  36  6:34  Probe  
  38  6:46  Probe, Assimilator  
  39  6:48  Adept  
  39  6:51  Probe  
  42  6:57  Adept  
  42  6:58  Probe  
  45  7:08  Adept x2  
  49  7:27  Probe x2  
  49  7:28  Gateway  
  51  7:30  Gateway  
  51  7:39  Probe x2  
  51  7:44  Pylon  
  51  7:53  Stalker x3  
  57  8:08  Stalker  
  59  8:16  Probe x2  
  59  8:19  Assimilator  
  61  8:21  Assimilator  
  61  8:23  Stargate  
  61  8:27  Adept x2  
  61  8:30  Adept  
  67  8:34  Adept  
  65  9:07  Stalker  
  65  9:08  Stalker x2  
  67  9:16  Void Ray, Pylon  
  67  9:28  Zealot x3  
  77  9:38  Pylon  
  77  9:40  Pylon  
  77  9:47  Void Ray  
  77  9:51  Twilight Council  
  77  9:53  Pylon  
  77  9:58  Pylon  
  81  10:01  Zealot  
  81  10:02  Zealot x2  
  87  10:10  Charge  
  87  10:20  Void Ray  
  87  10:30  Templar Archives  
  91  10:38  Zealot x2  
  95  10:52  Pylon  
  95  10:55  Void Ray  
  99  11:18  Zealot x2  
  101  11:19  Zealot x3  
  109  11:38  Forge  
  109  11:39  Forge  
  109  11:42  Zealot  
  109  11:43  Zealot  
  113  11:56  Robotics Facility  
Show
View Real Time Build Order
Export as new Build Order

Yocto Zerg 

Build Orders: Pool First 

Get SALT Encoding   

  12  0:01  Drone  
  13  0:14  Overlord  
  13  0:20  Drone  
  14  0:38  Drone x3  
  17  0:57  Drone  
  17  0:58  Spawning Pool  
  17  0:59  Extractor  
  17  1:00  Drone  
  17  1:34  Hatchery  
  16  1:45  Zergling x6  
  19  1:47  Queen  
  21  1:58  Zergling x2  
  22  2:05  Metabolic Boost  
  22  2:11  Overlord  
  22  2:36  Zergling x4  
  24  2:44  Zergling x2  
  25  2:50  Queen  
  27  2:52  Zergling x4  
  27  3:08  Zergling x2  
  27  3:09  Zergling x8  
  30  3:16  Zergling x2  
  29  3:39  Zergling x8  
  29  3:52  Zergling x6  
  30  4:03  Zergling x4  
  30  4:08  Zergling x2  
  30  4:09  Queen  
  32  4:13  Overlord  
  34  4:31  Zergling x4  
  34  4:32  Zergling x2  
  35  4:38  Zergling x2  
  35  4:39  Zergling x2  
  35  4:44  Zergling x6  
  39  4:48  Zergling x4  
  35  5:01  Zergling x4  
  36  5:11  Zergling x4  
  34  5:26  Zergling x10  
  35  5:30  Zergling x2  
  33  5:38  Zergling x4  
  34  5:45  Zergling x2  
  34  5:46  Zergling x2  
  34  5:54  Zergling x4  
  32  6:10  Drone  
  32  6:11  Drone x2  
  30  6:26  Drone  
  30  6:27  Drone x4  
  35  6:44  Drone x2  
  35  6:45  Drone  
  35  6:46  Roach Warren  
  37  7:03  Overlord x2  
  37  7:08  Drone x5  
  41  7:12  Extractor  
  40  7:28  Roach x5  
  50  7:39  Roach x3  
  50  7:40  Roach  
  54  7:45  Roach  
  54  7:46  Roach  
  58  8:05  Overlord x2  
  58  8:18  Hatchery  
  57  8:23  Overlord x2  
  57  8:33  Drone x4  
  61  8:38  Extractor  
  56  9:10  Drone x2  
  56  9:11  Drone  
  56  9:13  Lair  
  59  9:17  Extractor  
  59  9:23  Evolution Chamber x2, Drone x4  
  60  9:27  Drone x3  
  60  9:30  Drone  
  64  9:32  Queen  
  66  9:57  Drone x2  
  68  10:00  Roach x6  
  68  10:01  Roach x5  
  90  10:18  Overlord  
  90  10:19  Overlord x3  
  90  10:27  Spine Crawler  
  89  10:30  Spine Crawler  
  89  10:32  Zerg Missile Weapons Level 1  
  89  10:42  Drone  
  89  10:43  Drone x6  
  89  10:44  Drone  
  96  10:53  Glial Reconstitution  
  97  11:04  Hydralisk Den, Drone  
  96  11:18  Spine Crawler  
  96  11:22  Spine Crawler, Drone x5  
  99  11:36  Drone x3  
  99  11:37  Drone x5  
  107  11:58  Lurker Den  
  107  12:00  Overlord x4  
  106  12:02  Hydralisk x2  
Tags
 
Matchup
PvZ
Opening
Pool First
Replay Pack
Yocto
Spawn Locations
Cross Positions
Add a new tag
Caveats
  • Supply blocks, unpowered buildings, or Contaminate may cause inaccurate times.
  • Supply counts are checked every 10 seconds.